 Dungeon Crawl Stone Soup version 0.25.0-26-g0c896c7088 (webtiles) character file.

Game seed: 3055529424945421779

428 Ethylacetat the Stinger (level 6, -2/49 HPs)
             Began as a Naga Venom Mage on July 4, 2020.
             Slain by a river rat (4 damage)
             ... in a sewer.
             The game lasted 00:19:25 (2846 turns).

Ethylacetat the Stinger (Naga Venom Mage)           Turns: 2846, Time: 00:19:28

Health: -2/49      AC:  4    Str:  9 (12) XL:     6   Next: 98%
Magic:  1/10       EV: 10    Int: 15 (16) God:
Gold:   141        SH:  0    Dex: 16 (17) Spells: 10/11 levels left

rFire    + . .     SeeInvis +     - Unarmed
rCold    + . .     Gourm    .   (no shield)
rNeg     . . .     Faith    .   k - +0 robe (curse)
rPois    +         Spirit   .   (no helmet)
rElec    +         Reflect  .   n - scarf {+Inv}
rCorr    +         Harm     .   q - +0 pair of gloves
MR       .....                  (no barding)
Stlth    ++........             (no amulet)
HPRegen  0.16/turn              e - +6 ring of dexterity
MPRegen  0.12/turn              u - ring of wizardry

@: resistant, very slow
A: large, see invisible, deformed body, poison resistance, slowness 2, slow
metabolism 1, spit poison 1, AC +2
a: Spit Poison, Evoke Invisibility


You were in a sewer.
You were not hungry.

You visited 1 branch of the dungeon, and saw 4 of its levels.
You also visited: Sewer.

You collected 141 gold pieces.

Inventory:

Missiles
 t - 5 atropa-tipped darts (quivered)
Armour
 a - the +1 ring mail "Daczowil" {*Drain rC+ rN++ Stlth+, unknown}
   (You found it on level 4 of the Dungeon)

   It protects you from cold.
   It greatly protects you from negative energy.
   It causes draining when unequipped.
   It makes you more stealthy.
 k - a cursed +0 robe (worn)
 n - a scarf of invisibility (worn)
 q - a +0 pair of gloves (worn)
Jewellery
 e - a +6 ring of dexterity (left hand)
 u - a ring of wizardry (right hand)
Wands
 j - a wand of flame (13)
Scrolls
 b - 2 scrolls of immolation {unknown}
 g - 6 scrolls of identify {unknown}
 l - a scroll of enchant armour {unknown}
 m - 4 scrolls of teleportation {unknown}
 o - 2 scrolls of blinking {unknown}
 p - a scroll of remove curse {unknown}
 s - a scroll of amnesia {unknown}
 x - 2 scrolls of fear {unknown}
Potions
 i - a potion of might {unknown}
 v - a potion of brilliance {unknown}
 w - a potion of mutation {unknown}
Comestibles
 c - 6 rations
 r - 10 chunks of flesh


   Skills:
 - Level 1.5 Dodging
 - Level 3.0 Stealth
 + Level 2.5 Unarmed Combat
 + Level 3.2 Spellcasting
 * Level 4.0 Transmutations
 * Level 6.5 Poison Magic


You had 10 spell levels left.
You knew the following spells:

 Your Spells              Type           Power        Failure   Level  Hunger
a - Sting                 Tmut/Pois      ###.         1%          1    #......

Your spell library contained the following spells:

 Spells                   Type           Power        Failure   Level  Hunger
 Poisonous Vapours        Pois/Air       ##....       3%          2    ##.....
 Olgreb's Toxic Radiance  Pois           ###.....     5%          4    #####..
 Ignite Poison            Fire/Tmut/Pois ##......     6%          3    ###....
 Mephitic Cloud           Conj/Pois/Air  #.......     10%         3    ###....


Dungeon Overview and Level Annotations

Branches:
Dungeon (4/15)              Sewer (1/1)
 Temple: D:4-7

Altars:


Innate Abilities, Weirdness & Mutations

You cannot wear boots.
Your serpentine skin is tough. (AC +2)
You have supernaturally acute eyesight. (SInv)
Armour fits poorly on your strangely shaped body.
Your system is resistant to poisons. (rPois)
You cover ground very slowly.
You have a slow metabolism.
You can spit poison.


Message History

* * * LOW HITPOINT WARNING * * *
The river rat bites you.
* * * LOW HITPOINT WARNING * * *
The river rat bites you!
* * * LOW HITPOINT WARNING * * *
It was a potion of curing.
You feel better. The adder barely misses you. The river rat bites you.
* * * LOW HITPOINT WARNING * * *
It was a potion of resistance.
You feel protected. The adder bites you.
* * * LOW HITPOINT WARNING * * *
The river rat barely misses you. The river rat closely misses you.
It was a potion of degeneration.
There was something very wrong with that liquid.
You feel weakened.
You feel dopey.
You feel clumsy. The adder bites you.
* * * LOW HITPOINT WARNING * * *
The adder barely misses you. The river rat bites you.
You die...

rS....#
#....
.....##
##....
......#
#.....
##.≈≈≈##
#.....
#≈≈≈≈≈≈#
#≈≈≈≈≈
#≈≈≈≈≈≈#
#≈≈≈≈≈
#÷≈≈≈≈≈#
#≈#≈≈≈
#rSr≈≈≈#
#≈≈#≈≈
#r@≈≈≈≈#
#≈≈≈≈≈
#≈≈.≈.≈#
#≈≈≈≈≈
#≈.).≈≈#
#.≈≈≈≈
#≈.≈.≈≈#
#≈≈≈≈≈
#≈≈≈≈≈≈#
#≈≈≈≈≈
#≈≈≈≈≈≈#
#≈≈≈≈≈
#≈≈≈≈≈≈#
#≈≈≈≈≈
#≈≈≈≈≈≈#
#≈≈≈≈≈
#≈≈≈≈≈≈#
#≈≈÷÷≈


You could see an adder (poisoned), 2 river rats and a rat.

Vanquished Creatures
  Sigmund (D:2)
  An ogre (D:4)
  A hound (D:4)
  3 river rats
  2 adders
  4 oozes
  3 dart slugs (D:1)
  3 worms
  3 leopard geckos
  7 bats
  4 giant cockroaches
  6 hobgoblins
  4 jackals (D:3)
  6 kobolds
  A quokka (D:2)
  6 ball pythons
  3 frilled lizards
  4 goblins
  A quokka skeleton (D:4)
  25 rats
88 creatures vanquished.

Notes
Turn   | Place    | Note
-------+----------+-------------------------------------------
     0 | D:1      | Ethylacetat the Naga Venom Mage began the quest for the
                  | Orb.
     0 | D:1      | Reached XP level 1. HP: 15/15 MP: 3/3
   209 | D:1      | Reached XP level 2. HP: 20/22 MP: 5/5
   532 | D:1      | Reached XP level 3. HP: 8/28 MP: 6/6
  1078 | D:1      | Reached skill level 1 in Unarmed Combat
  1294 | D:2      | Noticed Sigmund
  1309 | D:2      | Killed Sigmund
  1309 | D:2      | Reached skill level 5 in Poison Magic
  1309 | D:2      | Reached XP level 4. HP: 10/36 MP: 0/8
  1309 | D:2      | Reached XP level 5. HP: 12/42 MP: 0/9
  2023 | D:3      | Reached XP level 6. HP: 49/49 MP: 6/10
  2392 | D:4      | Reached skill level 6 in Poison Magic
  2401 | D:4      | Got a translucent ring mail
  2595 | D:4      | Found a glowing drain.
  2616 | Sewer    | Entered a sewer
  2846 | Sewer    | HP: 2/49 [adder (2)]
  2846 | Sewer    | Slain by a river rat

Illustrated notes

Levels and vault maps discovered:
D:1:      eino_arrival_druids_welcome, layout_loops_ring, minmay_misc_feat_doors
D:2:      layout_rooms, uniq_sigmund
D:3:      layout_rooms
D:4:      layout_cave_pools, minmay_temple_entry_arrows,
          cheibrodos_sewer_entry_sluice
Sewer:    sewer_minmay_w

Skill      XL: |  1  2  3  4  5  6 |
---------------+-------------------+-----
Unarmed Combat | 1 2 |  2.5
Transmutations | 3 4 |  4.0
Poison Magic   | 5 6 |  6.5
Spellcasting   | 3 |  3.2
Dodging        | |  1.5
Stealth        | |  3.0

Action                   |  1- 3 |  4- 6 || total
-------------------------+-------+-------++-------
Melee: Unarmed           |    42 |    54 ||    96
 Cast: Sting             |    19 |    77 ||    96
 Abil: Spit Poison       |    24 |    32 ||    56
  Use: Potion            |       |     3 ||     3
 Stab: Sleeping          |     1 |     1 ||     2
  Eat: Chunk             |     2 |     6 ||     8
Armor: Robe              |     4 |    18 ||    22
Dodge: Dodged            |    40 |    51 ||    91
